 Dungeon Crawl Stone Soup version 0.31-a0-848-gaac375c287 (webtiles) character file.

Game seed: 14874761716486861812

0 Kurtz the Sneak (level 1, -2/18 HPs)
             Began as a Mummy Delver on Oct 4, 2023.
             Slain by an orc
             ... wielding a +0 mace
              (4 damage)
             ... on level 5 of the Dungeon.
             The game lasted 00:00:08 (39 turns).

Kurtz the Sneak (Mummy Delver)                        Turns: 39, Time: 00:00:09

Health: -2/18      AC:  3    Str: 15    XL:     1   Next: 0%
Magic:  1/1        EV: 11    Int:  9    God:
Gold:   15         SH:  0    Dex: 13    Spells: 0/0 levels left

rFire   x . .        a - +0 hand axe
rCold   + . .        (no shield)
rNeg    + + +        b - +0 leather armour
rPois   ∞            (no helmet)
rElec   .            (no cloak)
rCorr   .            (no gloves)
SInv    .            (no boots)
Will    .....        (no amulet)
Stlth   ++           (no ring)
HPRegen 0.23/turn    (no ring)
MPRegen 0.07/turn

%: faith
@: no status effects
A: cold resistance 1, negative energy resistance 3, torment resistance 2, heat
vulnerability 1, in touch with death 1, no potions, faith
a: no special abilities


You were on level 5 of the Dungeon.
You visited 1 branch of the dungeon, and saw 1 of its levels.

You collected 15 gold pieces.

Inventory:

Hand Weapons
 a - a +0 hand axe (weapon)
Armour
 b - a +0 leather armour (worn)
Wands
 f - a wand of digging (3)
Scrolls
 c - a scroll of fog
 d - a scroll of revelation
 e - a scroll of fear


   Skills:
 - Level 3.0 Fighting
 * Level 1.5 Axes
 - Level 1.5 Dodging
 - Level 4.1 Stealth


You couldn't memorise any spells.
You didn't know any spells.
Your spell library was empty.

Dungeon Overview and Level Annotations

Branches:
Dungeon (5/15)
 Temple: D:4-7

Altars:


Innate Abilities, Weirdness & Mutations

You are immune to poison.
Your flesh is cold resistant. (rC+)
You are immune to negative energy. (rN+++)
You are immune to unholy pain and torment.
You are vulnerable to heat. (rF-)
You are in touch with the powers of death.
You do not drink.
You have a special connection with the divine. (Faith)


Message History

Welcome, Kurtz the Mummy Delver.
It is said that the Orb of Zot exists deep within this dungeon.
Press ? for a list of commands and other information.
Found 15 gold pieces.
Found a stone staircase leading down.
Found 3 stones.
You now have 15 gold pieces.
An orc and an orc wizard come into view.
Found a glowing silver altar of Zin.
An orc comes into view.
It is wielding a +0 hand axe. 2 orcs come into view.
Found a stone staircase leading up. 3 orcs come into view.
The orc shouts! x4
An orc comes into view. It is wielding a +0 mace.
The orc shouts!
You hit the orc but do no damage.
The orc hits you from afar with a +0 trident.
The orc hits you with a +0 mace.
You hit the orc.
The orc is moderately wounded.
You hit the orc.
The orc hits you from afar with a +0 trident.
The orc hits you with a +0 hand axe.
You are too injured to fight recklessly!
You are too injured to fight recklessly!
Unknown command.
You barely miss the orc.
The orc is moderately wounded.
The orc hits you with a +0 hand axe.
* * * LOW HITPOINT WARNING * * *
You hit the orc.
The orc is heavily wounded.
The orc hits you with a +0 hand axe.
* * * LOW HITPOINT WARNING * * *
You hit the orc.
You kill the orc!
The orc hits you with a +0 mace.
You die...

..##.#....#### ..
#............ #.
#.#.#.>..#### #.
#.#.#....# # #.
#####.#......# # #.
.....#......# # #.
#..#.#...##
#.####.#####.......##
......oo@.....#.####
.♣...♣o##.##..._..#
... .o. #.##.##.#...
. .<... .....#.....##
........#.##.#...#.#
.♣...♣.##.##.##....#
#...... .....#####.#
####... #.# ##


You could see 4 orcs.

Vanquished Creatures
  An orc (D:5)
1 creature vanquished.

Notes
Turn   | Place    | Note
-------+----------+-------------------------------------------
     0 | D:5      | Kurtz the Mummy Delver began the quest for the Orb.
     0 | D:5      | Reached XP level 1. HP: 18/18 MP: 1/1
     8 | D:5      | Noticed an orc wizard
    39 | D:5      | Slain by an orc

Illustrated notes

Levels and vault maps discovered:
D:5:      layout_loops_cross, kennysheep_mini, lemuel_crystal_altar,
          mainiacjoe_overflow_surrounded_room, grunt_ministairs_2, uniq_edmund,
          uniq_eustachio

Action                     || total
---------------------------++-------
  Melee: Hand axe          ||     5
 Armour: Leather armour    ||     7

Table legend: (Time is in decaauts)
 A = Elapsed time spent in this place.
 B = Non-inter-level travel time spent in this place.
 C = Inter-level travel time spent in this place.
 D = Time resting spent in this place.
 E = Time spent auto-exploring this place.
 F = Levels seen in this place.
 G = Mean time per level.
                   A        B        C        D        E       F      G
               +--------+--------+--------+--------+--------+-----+--------+
         Total |     39 |     39 |      0 |      0 |      7 |   1 |   39.0 |
       Dungeon |     39 |     39 |      0 |      0 |      7 |   1 |   39.0 |
               +--------+--------+--------+--------+--------+-----+--------+

Top non-repeatable levels by time:
     D:5: 39 daAuts
